 Dungeon Crawl Stone Soup version 0.29-a0-998-g1987434951 (webtiles) character file.

Game seed: 17999387669506308502

23 xian the Grasshopper (level 2, 0/20 HPs)
             Began as a Draconian Wanderer on Aug 5, 2022.
             Slain by a gnoll
             ... wielding a +0 whip
              (3 damage)
             ... on level 3 of the Dungeon.
             The game lasted 00:02:45 (1284 turns).

xian the Grasshopper (Draconian Wanderer)           Turns: 1284, Time: 00:02:45

Health: 0/20       AC:  7    Str: 15    XL:     2   Next: 72%
Magic:  3/3        EV: 11    Int: 12    God:
Gold:   73         SH:  0    Dex:  9    Spells: 0/3 levels left

rFire   . . .      SeeInvis .   a - +0 spear
rCold   . . .      Faith    .   (no shield)
rNeg    . . .      Spirit   .   (body armour unavailable)
rPois   .          Reflect  .   (helmet restricted)
rElec   .          Harm     .   i - +2 cloak
rCorr   .          Rampage  .   (no gloves)
Will    .....                   (no boots)
Stlth   ++........              (no amulet)
HPRegen 0.06/turn               (no ring)
MPRegen 0.08/turn               (no ring)

@: no status effects
A: AC +4, unfitting armour, cold-blooded
a: no special abilities


You were on level 3 of the Dungeon.
You visited 1 branch of the dungeon, and saw 3 of its levels.

You collected 73 gold pieces.

Inventory:

Hand Weapons
 a - a +0 spear (weapon)
Missiles
 g - 3 poisoned darts (quivered)
Armour
 b - a +0 cloak
 i - a +2 cloak (worn)
Jewellery
 d - a +6 ring of strength
Scrolls
 j - a scroll of teleportation {unknown}
Potions
 c - a potion of curing
 e - 2 potions of flight {unknown}
 f - a potion of might {unknown}
 h - a potion of mutation {unknown}


   Skills:
 + Level 1.2 Polearms
 + Level 1.0 Dodging
 + Level 3.1 Stealth
 + Level 1.0 Spellcasting
 + Level 4.4 Translocations


You couldn't memorise any spells.
You knew the following spells:

 Your Spells              Type           Power      Damage    Failure   Level
a - Apportation           Tloc           22%        N/A       4%          1
b - Blink                 Tloc           22%        N/A       8%          2

Your spell library contained the following spells:

 Spells                   Type           Power      Damage    Failure   Level
 Portal Projectile        Hex/Tloc       10%        N/A       36%         3
 Tukima's Dance           Hex            0%         N/A       65%         3
 Iskenderun's Mystic Bla  Conj/Tloc      5%         2d3       77%         4
 Blade Hands              Tmut           0%         N/A       100%        5


Dungeon Overview and Level Annotations

Branches:
Dungeon (3/15)

Altars:


Innate Abilities, Weirdness & Mutations

Your plain brown scales are hard. (AC +4)
You cannot fit into any form of body armour.
You are cold-blooded and may be slowed by cold attacks.


Message History

Your Stealth skill increases to level 3!
An endoplasm and a dart slug come into view.
Found a stone staircase leading up.
You see here a +0 club.
There is a stone staircase leading up here.
You see here a dart slug corpse.
You start resting.
HP restored.
There is a stone staircase leading up here.
You climb upwards.
The gnoll hits you with a +0 whip. x2
There is a stone staircase leading down here.
The gnoll shouts!
You hit the gnoll.
The gnoll is moderately wounded.
The gnoll completely misses you.
You barely miss the gnoll.
The gnoll is moderately wounded.
The gnoll barely misses you.
The gnoll hits you from afar with a +0 halberd!
The gnoll hits you with a +0 whip.
* * * LOW HITPOINT WARNING * * *
You climb downwards.
There is a stone staircase leading up here.
You closely miss the gnoll.
Your tail-slap misses the gnoll.
The gnoll is moderately wounded.
The gnoll misses you.
You barely miss the gnoll.
The gnoll is moderately wounded.
The gnoll closely misses you.
You hit the gnoll.
The gnoll is heavily wounded.
The gnoll hits you with a +0 whip.
* * * LOW HITPOINT WARNING * * *
You completely miss the gnoll.
The gnoll is heavily wounded.
The gnoll hits you but does no damage.
You hit the gnoll.
The gnoll is severely wounded.
The gnoll hits you with a +0 whip.
You die...

....ยงยง ..... .
.... .w ..J ... ..
.... .#...[<
#.#########.......
#........@)...#
####.(..g...###
#.....#### #....##
#.>... #####. . #.


You could see a gnoll.

Vanquished Creatures
  A gnoll (D:3)
  A dart slug (D:3)
  2 ball pythons (D:1)
  A bat (D:1)
  An endoplasm (D:1)
  A giant cockroach (D:1)
  2 hobgoblins (D:1)
  A kobold (D:1)
  A quokka (D:2)
  2 frilled lizards (D:1)
13 creatures vanquished.

Notes
Turn   | Place    | Note
-------+----------+-------------------------------------------
     0 | D:1      | xian the Draconian Wanderer began the quest for the Orb.
     0 | D:1      | xian set off with the following items: a +0 spear, a +0
                  | cloak, a potion of curing; and the following spell
                  | memorised: Apportation; and the following spells available
                  | to memorise: Blink, Iskenderun's Mystic Blast.
     0 | D:1      | Reached XP level 1. HP: 14/14 MP: 2/2
   553 | D:1      | Reached XP level 2. HP: 17/20 MP: 3/3
   609 | D:1      | Learned a level 2 spell: Blink
  1284 | D:3      | Slain by a gnoll

Illustrated notes

Levels and vault maps discovered:
D:1:      lightli_arrival_boilingwater, layout_loops_ring,
          minmay_misc_feat_ornament, dk_noncrumbling_2
D:2:      layout_basic, basic_altar, basic_ecumenical_altar
D:3:      layout_rooms, mainiacjoe_overflow_catwalk,
          gammafunk_ghost_nasty_kobolds

Skill      XL: |  1  2 |
---------------+-------+-----
Stealth        | 3 |  3.1
Polearms       | |  1.2
Dodging        | |  1.0
Spellcasting   | |  1.0
Translocations | |  4.4

Action                   || total
-------------------------++-------
Melee: Spear             ||    57
       Tailslap          ||     5
       Punch             ||     1
Throw: Dart              ||     1
 Stab: Sleeping          ||     4
Armor: Skin              ||    20
Dodge: Dodged            ||    30

Table legend: (Time is in decaauts)
 A = Elapsed time spent in this place.
 B = Non-inter-level travel time spent in this place.
 C = Inter-level travel time spent in this place.
 D = Time resting spent in this place.
 E = Time spent auto-exploring this place.
 F = Levels seen in this place.
 G = Mean time per level.
                   A        B        C        D        E       F      G
               +--------+--------+--------+--------+--------+-----+--------+
         Total |   1294 |   1249 |     45 |    246 |    764 |   3 |  431.3 |
       Dungeon |   1294 |   1249 |     45 |    246 |    764 |   3 |  431.3 |
               +--------+--------+--------+--------+--------+-----+--------+

Top non-repeatable levels by time:
     D:1: 998 daAuts
     D:3: 264 daAuts
     D:2: 31 daAuts
